[Event "January 2 Early 2024"]
[Site "https://www.chess.com"]
[Date "2024.01.02"]
[Round "11"]
[White "Gritsenko, Nikolai"]
[Black "Reprintsev, Alexander"]
[Result "0-1"]
[Board "52"]
[TimeControl "180+1"]
[WhiteFideId "14112493"]
[BlackFideId "14100541"]
[WhiteElo "2673"]
[BlackElo "2498"]
[WhiteTeam "UKR"]
[BlackTeam "UKR"]
[WhiteClock "0:00:08"]
[BlackClock "0:01:03"]

1. b3 e5 2. Bb2 Nc6 3. c4 g6 4. e3 Bg7 5. Nf3 d6 6. Be2 Bd7 7. Nc3 Nge7 8. O-O Nf5 9. d3 O-O 10. a3 h5 11. Re1 a6 12. b4 Qc8 13. Qc2 Re8 14. Nd5 Nce7 15. Rac1 Nxd5 16. cxd5 c6 17. Qb3 Ne7 18. Ng5 Rf8 19. Bf3 Qe8 20. Ne4 Qb8 21. Nc3 Rc8 22. Rc2 cxd5 23. Nxd5 Nxd5 24. Rxc8+ Qxc8 25. Bxd5 Be6 26. Rc1 Qd7 27. Bxe6 fxe6 28. Qc2 Rf8 29. Qc7 Rf7 30. Qxd7 Rxd7 31. Rc8+ Kf7 32. Kf1 d5 33. Ke2 e4 34. Bxg7 exd3+ 35. Kxd3 Kxg7 36. Kd4 Kf6 37. f4 g5 38. Rf8+ Kg7 39. Rc8 gxf4 40. exf4 h4 41. a4 Kf6 42. b5 axb5 43. axb5 Kf5 44. b6 Kxf4 45. Rc7 e5+ 46. Kc5 Rd8 47. Rxb7 d4 48. Rf7+ Ke3 49. b7 d3 50. Kb6 d2 51. Rd7 Rxd7 52. b8=Q d1=Q 53. Qxe5+ Kf2 54. Qf4+ Kg1 55. Qe3+ Kh1 56. g4 Qd4+ 57. Qxd4 Rxd4 0-1

[Event "January 2 Early 2024"]
[Site "https://www.chess.com"]
[Date "2024.01.02"]
[Round "11"]
[White "Koshulyan, Egor A."]
[Black "Tiarks, Jann-Christian"]
[Result "1-0"]
[Board "53"]
[TimeControl "180+1"]
[WhiteFideId "24237000"]
[BlackFideId "12951595"]
[WhiteElo "2670"]
[BlackElo "2484"]
[WhiteTeam "RUS"]
[BlackTeam "GER"]
[WhiteClock "0:00:49"]
[BlackClock "0:01:11"]

1. e4 e6 2. d4 d5 3. e5 c5 4. c3 Nc6 5. Nf3 Bd7 6. Na3 Qb6 7. Nc2 Nh6 8. Bd3 c4 9. Be2 Nf5 10. O-O Be7 11. Rb1 O-O 12. b3 cxb3 13. axb3 Rac8 14. Bf4 f6 15. c4 fxe5 16. Nxe5 Nxe5 17. Bxe5 Bf6 18. cxd5 exd5 19. Bf3 Bxe5 20. Bxd5+ Be6 21. dxe5 Rfd8 22. Bxe6+ Qxe6 23. Qe2 Nh4 24. f4 Qg6 25. Ne3 Rc3 26. Rbd1 Rdc8 27. Nd5 Kf8 28. Nxc3 Rxc3 29. f5 Qc6 30. Rd2 Rxb3 31. f6 g5 32. e6 Qc5+ 33. Kh1 1-0

[Event "January 2 Early 2024"]
[Site "https://www.chess.com"]
[Date "2024.01.02"]
[Round "11"]
[White "Domingo Nunez, Alejandro"]
[Black "Ovezdurdyyeva, Jemal"]
[Result "1-0"]
[Board "54"]
[TimeControl "180+1"]
[WhiteFideId "22245561"]
[BlackFideId "14001888"]
[WhiteElo "2669"]
[BlackElo "2457"]
[WhiteTeam "ESP"]
[BlackTeam "TKM"]
[WhiteClock "0:00:30"]
[BlackClock "0:00:32"]

1. Nf3 Nf6 2. g3 g6 3. b3 Bg7 4. Bb2 O-O 5. Bg2 Nc6 6. O-O b6 7. d4 Bb7 8. d5 Nb8 9. c4 c6 10. Nc3 cxd5 11. Nxd5 Bxd5 12. cxd5 d6 13. Nd4 Nbd7 14. Nc6 Qe8 15. Rc1 a5 16. e4 Rc8 17. Re1 e5 18. dxe6 Qxe6 19. Nd4 Qe5 20. Qd2 Qh5 21. h3 Rxc1 22. Bxc1 Re8 23. Nc2 Qc5 24. Ba3 Qc8 25. Bxd6 Ne5 26. f4 Nc6 27. e5 Nh5 28. g4 Ng3 29. Qf2 1-0

[Event "January 2 Early 2024"]
[Site "https://www.chess.com"]
[Date "2024.01.02"]
[Round "11"]
[White "Astafurov, Arseniy"]
[Black "Vlassov, Nikolai"]
[Result "0-1"]
[Board "55"]
[TimeControl "180+1"]
[WhiteFideId "24175218"]
[BlackFideId "4103360"]
[WhiteElo "2448"]
[BlackElo "2667"]
[WhiteTeam "RUS"]
[BlackTeam "FID"]
[WhiteClock "0:00:00"]
[BlackClock "0:00:19"]

1. c4 e5 2. Nc3 Nf6 3. Nf3 e4 4. Ng5 c6 5. Ngxe4 Nxe4 6. Nxe4 d5 7. cxd5 cxd5 8. Nc3 d4 9. Ne4 f5 10. Ng3 h5 11. Qc2 h4 12. Nxf5 d3 13. Qa4+ Nc6 14. Qe4+ Kf7 15. e3 Nb4 16. Nd4 Bc5 17. a3 Re8 18. Qf3+ Kg8 19. axb4 Bxd4 20. Bxd3 Be6 21. O-O Bf6 22. Bg6 Re7 23. Qh5 Qd6 24. d3 Qxb4 25. e4 Rc7 26. Bf4 Rc2 27. Qh7+ Kf8 28. Qh8+ Bg8 29. Bh7 Kf7 30. Bxg8+ Rxg8 31. Qh5+ g6 32. Qd5+ Kg7 33. Rxa7 Rxb2 34. Be5 Bxe5 35. Qxe5+ Kh6 36. h3 Rf8 37. Qc7 Rbxf2 38. Rxf2 Qe1+ 39. Kh2 Qxf2 0-1

[Event "January 2 Early 2024"]
[Site "https://www.chess.com"]
[Date "2024.01.02"]
[Round "11"]
[White "Boruchovsky, Avital"]
[Black "Assylov, Miras"]
[Result "0-1"]
[Board "56"]
[TimeControl "180+1"]
[WhiteFideId "2800055"]
[BlackFideId "13728873"]
[WhiteElo "2809"]
[BlackElo "2607"]
[WhiteTeam "ISR"]
[BlackTeam "KAZ"]
[WhiteClock "0:01:51"]
[BlackClock "0:01:10"]

1. e4 c5 2. Nf3 e6 3. Nc3 d6 4. d4 cxd4 5. Nxd4 Nf6 6. Be2 Be7 7. O-O O-O 8. f4 Nc6 9. Kh1 Nxd4 10. Qxd4 b6 11. Be3 Bb7 12. Rad1 Rc8 13. Bf3 Qe8 14. Rd2 e5 15. Qd3 Nd7 16. Bg4 Nc5 17. Qe2 Rd8 18. Qc4 Ba6 19. Be2 Bxc4 20. Bxc4 exf4 21. Bxf4 Bf6 22. Bb5 Bxc3 23. Bxe8 Bxd2 0-1

[Event "January 2 Early 2024"]
[Site "https://www.chess.com"]
[Date "2024.01.02"]
[Round "11"]
[White "Ambartsumova, Karina"]
[Black "Bardyk, Artem"]
[Result "1/2-1/2"]
[Board "57"]
[TimeControl "180+1"]
[WhiteFideId "4166299"]
[BlackFideId "34349979"]
[WhiteElo "2601"]
[BlackElo "2722"]
[WhiteTeam "RUS"]
[BlackTeam "RUS"]
[WhiteClock "0:00:05"]
[BlackClock "0:00:03"]

1. d4 d5 2. c4 e6 3. Nc3 Nf6 4. cxd5 Nxd5 5. e4 Nxc3 6. bxc3 c5 7. Nf3 cxd4 8. cxd4 Bb4+ 9. Bd2 Bxd2+ 10. Qxd2 O-O 11. Bc4 Nd7 12. h4 b6 13. h5 h6 14. Rh3 Bb7 15. Bd3 e5 16. Rg3 Qf6 17. d5 Bxd5 18. exd5 e4 19. Rd1 exd3 20. Qxd3 Rfe8+ 21. Kf1 Ne5 22. Qd4 Qf5 23. Nxe5 Qxe5 24. d6 Rad8 25. Qxe5 Rxe5 26. Rc3 Kf8 27. Rc7 Rxh5 28. Kg1 Ra5 29. Rd2 b5 30. Rb7 a6 31. Rc2 g6 32. Rcc7 Rxd6 33. Rxf7+ Kg8 34. Rg7+ Kf8 35. Rh7 Kg8 36. Rhc7 Rd8 37. Rg7+ Kf8 38. Rh7 Kg8 39. Rbg7+ Kf8 40. Rf7+ Kg8 41. Rfg7+ Kf8 42. Ra7 Kg8 43. Rxh6 Rxa2 44. Rxg6+ Kf8 45. Rf6+ Kg8 46. Rg6+ Kf8 47. Rh6 Kg8 48. Rg6+ 1/2-1/2

[Event "January 2 Early 2024"]
[Site "https://www.chess.com"]
[Date "2024.01.02"]
[Round "11"]
[White "Csonka, Balazs"]
[Black "Chitre Arush"]
[Result "0-1"]
[Board "58"]
[TimeControl "180+1"]
[WhiteFideId "742910"]
[BlackFideId "25959026"]
[WhiteElo "2663"]
[BlackElo "2599"]
[WhiteTeam "HUN"]
[BlackTeam "IND"]
[WhiteClock "0:00:00"]
[BlackClock "0:00:08"]

1. d4 Nf6 2. Nf3 e6 3. Bf4 b6 4. e3 Bb7 5. Nbd2 d6 6. h3 Nbd7 7. Bh2 g6 8. Bd3 Bg7 9. O-O O-O 10. e4 Re8 11. Re1 e5 12. c3 Nh5 13. Qb3 Nf4 14. Bxf4 exf4 15. Rad1 c5 16. Bc4 Qe7 17. Bd5 Bxd5 18. Qxd5 h6 19. a4 Nf6 20. Qb3 Qc7 21. e5 dxe5 22. dxe5 Nd7 23. e6 fxe6 24. Rxe6 Rxe6 25. Qxe6+ Kh7 26. Nc4 Nf8 27. Qd6 Qxd6 28. Rxd6 Re8 29. Kf1 Re7 30. Nfd2 Ne6 31. Ne4 f3 32. gxf3 Nf4 33. h4 Rf7 34. Ne3 Nh5 35. Ke2 Be5 36. Rd8 Nf4+ 37. Kf1 Nh5 38. Re8 Bg7 39. Ke2 Nf4+ 40. Kf1 Nd3 41. Nd1 Ne5 42. f4 Rxf4 43. Nd6 Rxh4 44. Re7 Kg8 45. Rxa7 Rf4 46. Ne3 Ng4 47. Nxg4 Rxg4 48. Ra8+ Bf8 49. Nc8 h5 50. Nxb6 Kg7 51. a5 h4 52. a6 h3 53. Ra7+ Kh6 54. Nd5 h2 55. Nf6 h1=Q+ 56. Ke2 Re4+ 57. Nxe4 Qxe4+ 58. Kd2 Bd6 59. Rd7 Bf4+ 60. Kd1 Qf3+ 61. Kc2 Qe2+ 62. Kb1 Qxa6 63. Rd6 Qxd6 0-1

[Event "January 2 Early 2024"]
[Site "https://www.chess.com"]
[Date "2024.01.02"]
[Round "11"]
[White "Weetik, Vjacheslav"]
[Black "Avramidou, Anastasia"]
[Result "1-0"]
[Board "59"]
[TimeControl "180+1"]
[WhiteFideId "4153472"]
[BlackFideId "4239873"]
[WhiteElo "2660"]
[BlackElo "2593"]
[WhiteTeam "RUS"]
[BlackTeam "GRE"]
[WhiteClock "0:02:13"]
[BlackClock "0:01:23"]

1. d4 Nf6 2. c4 g6 3. Nc3 Bg7 4. e4 d6 5. Nf3 O-O 6. Be2 Nc6 7. d5 Nb8 8. O-O a5 9. h3 Na6 10. Re1 Nc5 11. Bf1 Bd7 12. e5 dxe5 13. Nxe5 Be8 14. Bf4 Nfd7 15. Nf3 Nb6 16. Qd2 Bd7 17. Bh6 Nca4 18. Bxg7 Kxg7 19. c5 Nxd5 20. Qxd5 Nxc3 21. Qd4+ f6 22. Qxc3 e5 23. Rad1 Qe7 24. Nxe5 1-0

[Event "January 2 Early 2024"]
[Site "https://www.chess.com"]
[Date "2024.01.02"]
[Round "11"]
[White "AmanteDeMoi"]
[Black "Hansen, Sune Berg"]
[Result "0-1"]
[Board "60"]
[TimeControl "180+1"]
[BlackFideId "1400266"]
[WhiteElo "2580"]
[BlackElo "2656"]
[BlackTeam "DEN"]
[WhiteClock "0:00:03"]
[BlackClock "0:00:15"]

1. Nf3 Nf6 2. e3 g6 3. b3 Bg7 4. Bb2 c5 5. Be2 O-O 6. O-O b6 7. c4 Bb7 8. d4 cxd4 9. Nxd4 a6 10. Nc3 d6 11. Bf3 Ra7 12. Rc1 Qc8 13. Nd5 Qd8 14. Qd2 Nfd7 15. Be2 e6 16. Nc3 Nf6 17. Rfd1 Qe7 18. Ba3 Rd8 19. Bf3 Ne8 20. Bxb7 Rxb7 21. Nde2 Nc6 22. Nf4 Qc7 23. Ncd5 Qb8 24. Nc3 Rc7 25. Bb2 b5 26. cxb5 axb5 27. Ne4 Ne5 28. Rxc7 Qxc7 29. Nd3 Nxd3 30. Bxg7 Nxf2 31. Qxf2 Kxg7 32. Qb2+ e5 33. Nc3 Nf6 34. Nxb5 Qc5 35. Qe2 Nd5 36. Kf2 Nxe3 37. Qxe3 Qxb5 38. a4 Qb4 39. Rd5 Rc8 40. Rb5 Rc2+ 41. Kg3 Qa3 42. Rd5 Qb2 43. Qf3 Re2 44. Rxd6 e4 45. Qf4 Rxg2+ 46. Kh3 Rf2 47. Qxe4 Rxh2+ 48. Kg3 Qf2+ 49. Kg4 Rh4+ 50. Kg5 h6# 0-1

[Event "January 2 Early 2024"]
[Site "https://www.chess.com"]
[Date "2024.01.02"]
[Round "11"]
[White "Munoz Galvez, Jhon Edison"]
[Black "Rozman, Levy"]
[Result "1/2-1/2"]
[Board "61"]
[TimeControl "180+1"]
[WhiteFideId "4403797"]
[BlackFideId "2039877"]
[WhiteElo "2571"]
[BlackElo "2650"]
[WhiteTeam "COL"]
[BlackTeam "USA"]
[WhiteClock "0:00:16"]
[BlackClock "0:00:07"]

1. d4 g6 2. Nf3 Bg7 3. c4 d6 4. Nc3 Bg4 5. e3 Nc6 6. h3 Bd7 7. Be2 e5 8. d5 Nce7 9. e4 h6 10. g4 b6 11. Rg1 h5 12. Be3 hxg4 13. hxg4 Nf6 14. Nd2 Rh3 15. Qc2 Qc8 16. g5 Ng4 17. Bxg4 Bxg4 18. Nb5 Bh5 19. Qa4 Kf8 20. Nc3 Kg8 21. Nb3 a6 22. Kd2 Bf3 23. Rae1 c5 24. Kc1 f5 25. gxf6 Bxf6 26. Nd2 Bg4 27. Rh1 Qd7 28. Qxd7 Rxh1 29. Rxh1 Bxd7 30. Nf3 b5 31. b3 bxc4 32. bxc4 Rb8 33. Kc2 Rb4 34. Kd3 Rb2 35. Rb1 Rxb1 36. Nxb1 Nc8 37. Bg5 Kf7 38. Bxf6 Kxf6 39. Nc3 g5 40. Nd2 g4 41. Ke3 Kg5 42. Nb3 Nb6 43. Na5 Kh4 44. Ne2 Ba4 45. Ng3 Bd7 46. Kd3 Kh3 47. Nb7 Kg2 48. Nxd6 Kxf2 49. Nh5 g3 50. Nxg3 Kxg3 51. Nb7 Na4 52. Nd6 Kf4 53. Nf7 Bh3 54. d6 Nb6 55. Nd8 Bf1+ 56. Kc3 Bxc4 57. Nb7 Bxa2 58. Nxc5 Ke3 59. d7 Nxd7 60. Nxd7 Kxe4 61. Nxe5 Kxe5 62. Kb2 Kd6 63. Ka1 Kc6 64. Kb2 Kb6 65. Ka1 Ka7 66. Kb2 Kb7 67. Ka1 Ka7 68. Kb2 Kb7 69. Ka1 Ka7 1/2-1/2

[Event "January 2 Early 2024"]
[Site "https://www.chess.com"]
[Date "2024.01.02"]
[Round "11"]
[White "Manukyan, Sargis A."]
[Black "Lund, Gunnar"]
[Result "1-0"]
[Board "62"]
[TimeControl "180+1"]
[WhiteFideId "13303970"]
[BlackFideId "1520814"]
[WhiteElo "2638"]
[BlackElo "2568"]
[WhiteTeam "ARM"]
[BlackTeam "NOR"]
[WhiteClock "0:00:40"]
[BlackClock "0:00:19"]

1. d4 d5 2. c4 e6 3. Nc3 Nf6 4. cxd5 exd5 5. Bg5 Be7 6. e3 c6 7. Bd3 Nbd7 8. Qc2 h6 9. Bf4 Nh5 10. Be5 Nhf6 11. Nf3 Nxe5 12. dxe5 Nd7 13. O-O O-O 14. e4 Nc5 15. exd5 cxd5 16. Bh7+ Kh8 17. Bf5 d4 18. Bxc8 Rxc8 19. Rad1 Ne6 20. Qa4 Qb6 21. Nb5 Bc5 22. Nbxd4 Nxd4 23. Nxd4 Qxb2 24. Nf3 Rfd8 25. Qg4 Qxf2+ 26. Kh1 Qxa2 27. Nh4 Qe6 28. Qf3 b6 29. g3 Rxd1 30. Rxd1 Re8 31. Re1 Bd4 32. Qb7 Re7 33. Qa8+ Kh7 34. Qe4+ g6 35. Qxd4 Rd7 36. Qe4 Qd5 37. Qxd5 Rxd5 38. Nf3 Kg7 39. Kg2 Kf8 40. e6 fxe6 41. Rxe6 Kf7 42. Rc6 Ra5 43. g4 Rc5 44. Rd6 h5 45. gxh5 gxh5 46. Rd7+ Kg6 47. Rxa7 Rb5 48. Rb7 Kf5 49. Kg3 Rb3 50. Rf7+ Kg6 51. Rc7 Kf5 52. h4 Ke4 53. Re7+ Kf5 54. Re5+ Kg6 55. Rg5+ Kh6 56. Kf4 Rb4+ 57. Kf5 Rg4 58. Rxg4 hxg4 59. Kxg4 b5 60. Nd4 b4 61. h5 Kg7 62. Kg5 Kh7 63. h6 Kh8 64. Kg6 Kg8 65. h7+ Kh8 66. Nf5 b3 67. Nh6 b2 68. Nf7# 1-0

[Event "January 2 Early 2024"]
[Site "https://www.chess.com"]
[Date "2024.01.02"]
[Round "11"]
[White "Bartel, Michal"]
[Black "Vallejo Diaz, Javier"]
[Result "0-1"]
[Board "63"]
[TimeControl "180+1"]
[WhiteFideId "1119257"]
[BlackFideId "2256398"]
[WhiteElo "2636"]
[BlackElo "2567"]
[WhiteTeam "POL"]
[BlackTeam "ESP"]
[WhiteClock "0:00:28"]
[BlackClock "0:00:07"]

1. e4 c5 2. Ne2 e6 3. g3 Nc6 4. Bg2 g6 5. d4 cxd4 6. Nxd4 a6 7. Nxc6 dxc6 8. Qxd8+ Kxd8 9. O-O e5 10. Be3 Kc7 11. Nc3 b5 12. f4 Be6 13. fxe5 Bg7 14. Nd5+ Kb7 15. Nf6 Nxf6 16. exf6 Bf8 17. b3 Bb4 18. Rad1 Rad8 19. Bf3 Rde8 20. Bd4 Bh3 21. Rf2 Rd8 22. c3 Ba5 23. Rfd2 Rhe8 24. Kf2 Be6 25. Rd3 Rc8 26. Bc5 Bc7 27. Be7 Be5 28. Ke3 h5 29. Kd2 h4 30. Rg1 hxg3 31. hxg3 Rh8 32. Bd6 Bxf6 33. e5 Bg5+ 34. Ke2 Bf5 35. Rd4 Rh2+ 36. Rg2 Rh1 37. c4 Ra1 38. cxb5 axb5 39. a3 Rh8 40. Rb4 Ra2+ 41. Kf1 Rh1+ 42. Rg1 Ra1+ 43. Kf2 Rhxg1 44. Rxb5+ Ka6 45. Bxc6 Raf1+ 46. Ke2 Bg4+ 47. Kd3 Rd1+ 48. Kc4 Rc1+ 49. Kb4 Rxc6 50. Ra5+ Kb7 51. Rb5+ Rb6 52. Rxb6+ Kxb6 53. Bc5+ Kc6 54. Bxg1 Bd2+ 55. Kc4 Be6+ 56. Kd3 Bc1 57. a4 Bxb3 58. a5 Kb5 59. Kc3 Be6 60. Kc2 Ba3 61. Kd3 Kxa5 62. Ke4 Kb5 63. Be3 Be7 64. Bd2 Kc4 65. Bg5 Bxg5 66. g4 Bxg4 67. e6 Bxe6 68. Ke5 Be7 69. Ke4 g5 70. Ke5 Bd8 71. Ke4 Bc7 72. Kf3 g4+ 73. Kg2 f5 74. Kf2 Bd5 75. Kg1 f4 76. Kf2 g3+ 77. Kf1 g2+ 78. Kg1 Bb6+ 79. Kh2 g1=Q+ 80. Kh3 Be6+ 81. Kh4 Bd4 82. Kh5 Bf6 83. Kh6 Qg5+ 84. Kh7 Qg7# 0-1

[Event "January 2 Early 2024"]
[Site "https://www.chess.com"]
[Date "2024.01.02"]
[Round "11"]
[White "Zavgorodniy, Sergiy"]
[Black "Ljukin, Sergei"]
[Result "1-0"]
[Board "64"]
[TimeControl "180+1"]
[WhiteFideId "14110148"]
[BlackFideId "14102200"]
[WhiteElo "2631"]
[BlackElo "2528"]
[WhiteTeam "UKR"]
[BlackTeam "UKR"]
[WhiteClock "0:00:18"]
[BlackClock "0:00:02"]

1. e4 e6 2. d3 d5 3. Nd2 Nf6 4. Ngf3 Be7 5. g3 c5 6. Bg2 Nc6 7. O-O O-O 8. e5 Nd7 9. Re1 Qc7 10. Qe2 b5 11. h4 Qb6 12. Nf1 c4 13. N1h2 cxd3 14. cxd3 b4 15. h5 b3 16. h6 g6 17. Be3 Qb5 18. a4 Qb4 19. Rac1 Qxa4 20. Rxc6 Qxc6 21. Rc1 Qa4 22. d4 Ba6 23. Qe1 Bd3 24. Ng4 Rfc8 25. Ra1 Qb5 26. Bg5 Bf8 27. Qe3 Bf5 28. Bf1 Qb6 29. Nf6+ Nxf6 30. Bxf6 a5 31. Qf4 Rc7 32. g4 Be4 33. Ng5 Qxd4 34. Bg7 Bxg7 35. hxg7 a4 36. Qh2 a3 37. Qxh7# 1-0

[Event "January 2 Early 2024"]
[Site "https://www.chess.com"]
[Date "2024.01.02"]
[Round "11"]
[White "Gontcharov, Vladislav"]
[Black "Shapiro, Viktor"]
[Result "0-1"]
[Board "65"]
[TimeControl "180+1"]
[WhiteFideId "4123492"]
[BlackFideId "4175700"]
[WhiteElo "2631"]
[BlackElo "2522"]
[WhiteTeam "RUS"]
[BlackTeam "RUS"]
[WhiteClock "0:00:12"]
[BlackClock "0:00:39"]

1. e4 Nf6 2. e5 Nd5 3. d4 d6 4. c4 Nb6 5. f4 dxe5 6. fxe5 c5 7. d5 g6 8. Bd3 Bg7 9. Nf3 Bg4 10. Bf4 e6 11. O-O exd5 12. cxd5 Nxd5 13. Bg5 Qxg5 14. Bb5+ Nc6 15. Nxg5 Bxd1 16. Nxf7 Bc2 17. Nd6+ Kd8 18. Nxb7+ Kc7 19. Rf7+ Kb6 20. Nd6 Nc7 21. Na3 Nxb5 22. Naxb5 Nxe5 23. Rxg7 a6 24. Na3 Bd3 25. Re1 Rad8 26. Nb7 Rd5 27. b3 Rb8 28. Re7 Rxb7 29. R7xe5 Rxe5 30. Rxe5 Rd7 31. Kf2 Kc6 32. Ke3 Bb5 33. Re6+ Rd6 34. Rxd6+ Kxd6 35. Nxb5+ axb5 36. a4 c4 37. a5 cxb3 38. Kd3 b4 39. Kd2 Kc5 40. Kc1 Kb5 41. Kb2 Kxa5 42. Kxb3 Kb5 43. g4 g5 44. h3 h6 45. Kb2 Kc4 46. Kc2 b3+ 47. Kb2 Kb4 48. Kb1 Kc3 49. Kc1 Kd3 50. Kb2 Ke3 51. Kxb3 Kf3 52. Kc3 Kg3 53. Kd4 Kxh3 0-1

[Event "January 2 Early 2024"]
[Site "https://www.chess.com"]
[Date "2024.01.02"]
[Round "11"]
[White "Mikhalsky, Vladimir"]
[Black "Yagupov, Igor"]
[Result "0-1"]
[Board "66"]
[TimeControl "180+1"]
[WhiteFideId "14144352"]
[BlackFideId "4113632"]
[WhiteElo "2433"]
[BlackElo "2613"]
[WhiteTeam "UKR"]
[BlackTeam "RUS"]
[WhiteClock "0:00:14"]
[BlackClock "0:00:18"]

1. c4 c6 2. g3 d5 3. Bg2 Nf6 4. Nf3 Bg4 5. O-O e6 6. b3 Nbd7 7. Bb2 Bd6 8. h3 Bh5 9. d4 O-O 10. g4 Bg6 11. Nh4 Bxb1 12. Rxb1 Nxg4 13. e4 Qxh4 14. Qxg4 Qxg4 15. hxg4 dxe4 16. Bxe4 Rad8 17. Kg2 e5 18. Rh1 g6 19. Rh3 Kg7 20. Rbh1 Rh8 21. g5 exd4 22. Bxd4+ Be5 23. Be3 f6 24. a4 fxg5 25. Bxg5 Bf6 26. Bh6+ Kf7 27. Be3 h5 28. Bxa7 Ne5 29. Be3 Ng4 30. Rf3 Kg7 31. Bb1 Rhe8 32. Bc1 Bd4 33. Bg5 Rd7 34. Rd1 c5 35. Rf4 Re2 36. Bh4 Rf7 37. Rxf7+ Kxf7 38. Rf1 Rb2 39. Be4 Ne3+ 40. Kg1 Nxf1 41. Bd5+ Kg7 42. Kxf1 Rxb3 43. Kg2 b6 44. Bd8 Rb2 45. Kg3 Bxf2+ 46. Kf4 Bd4 47. a5 Rf2+ 48. Kg3 bxa5 49. Bxa5 Rf1 50. Bg2 Rg1 51. Kh2 Rxg2+ 52. Kxg2 g5 53. Kf3 Kg6 54. Ke4 g4 55. Bc7 h4 56. Kf4 Kh5 57. Bd8 h3 58. Kg3 Be5+ 59. Kf2 g3+ 60. Kf3 g2 61. Kf2 Bd4+ 62. Kf3 g1=Q 0-1

[Event "January 2 Early 2024"]
[Site "https://www.chess.com"]
[Date "2024.01.02"]
[Round "11"]
[White "Mammadova, Narmin"]
[Black "Gao, Raymond"]
[Result "1-0"]
[Board "67"]
[TimeControl "180+1"]
[WhiteFideId "13403710"]
[BlackFideId "2629429"]
[WhiteElo "2610"]
[BlackElo "2378"]
[WhiteTeam "AZE"]
[BlackTeam "CAN"]
[WhiteClock "0:01:17"]
[BlackClock "0:00:12"]

1. e4 c5 2. c3 Nf6 3. e5 Nd5 4. Nf3 Nc6 5. d4 cxd4 6. cxd4 d6 7. Bc4 Nb6 8. Bb5 dxe5 9. Nxe5 Bd7 10. Nxd7 Qxd7 11. O-O e6 12. Nc3 Be7 13. Qg4 O-O 14. Bh6 Bf6 15. Rad1 Kh8 16. Ne4 Rg8 17. Bf4 Qd5 18. Bxc6 Qxc6 19. Rfe1 Rad8 20. Be5 Bxe5 21. dxe5 Qc2 22. Nd6 Qc7 23. Rd3 Nc8 24. Rh3 g6 25. Qh4 Rg7 26. Ne4 Qxe5 27. Qxd8+ Rg8 28. Qf6+ Qxf6 29. Nxf6 Rd8 30. Rxh7# 1-0

[Event "January 2 Early 2024"]
[Site "https://www.chess.com"]
[Date "2024.01.02"]
[Round "11"]
[White "Grycel, Kamil"]
[Black "Ankerst, Mihael"]
[Result "0-1"]
[Board "68"]
[TimeControl "180+1"]
[WhiteFideId "1115499"]
[BlackFideId "14602369"]
[WhiteElo "2608"]
[BlackElo "2360"]
[WhiteTeam "POL"]
[BlackTeam "SLO"]
[WhiteClock "0:00:04"]
[BlackClock "0:00:13"]

1. d4 Nf6 2. Nf3 g6 3. Bf4 Bg7 4. e3 d6 5. h3 O-O 6. Be2 c5 7. c3 Nc6 8. O-O Be6 9. Nbd2 Qb6 10. Qc1 Rfc8 11. dxc5 Qxc5 12. Nb3 Qb6 13. Rd1 a6 14. Nbd4 Bd7 15. Qc2 Na5 16. Bh2 Nc4 17. b3 Na5 18. Qb2 Rc7 19. Rac1 Rac8 20. Qa1 e5 21. Nc2 Rxc3 22. Na3 Ne4 23. Nc4 Nxc4 24. Bxc4 Rxc1 25. Rxc1 Rc5 26. Bd3 Nf6 27. Nd2 Nd5 28. Be4 Nb4 29. Nc4 Qc7 30. Rd1 d5 31. a3 Nc2 32. Qb2 dxc4 33. Qxc2 cxb3 34. Qxb3 b5 35. Bd5 Bc6 36. e4 Bxd5 37. exd5 Rc1 38. Bg3 Qc4 39. Qf3 e4 40. Rxc1 Qxc1+ 41. Kh2 exf3 0-1

[Event "January 2 Early 2024"]
[Site "https://www.chess.com"]
[Date "2024.01.02"]
[Round "11"]
[White "Manolache, Marius"]
[Black "Adelman, Charles"]
[Result "1-0"]
[Board "69"]
[TimeControl "180+1"]
[WhiteFideId "1201530"]
[BlackFideId "2003597"]
[WhiteElo "2673"]
[BlackElo "2271"]
[WhiteTeam "ROU"]
[BlackTeam "USA"]
[WhiteClock "0:01:48"]
[BlackClock "0:00:43"]

1. d4 Nf6 2. c4 e6 3. Nc3 c5 4. d5 exd5 5. cxd5 d6 6. Nf3 g6 7. h3 Bg7 8. Bf4 a6 9. a4 O-O 10. e3 Qe7 11. Nd2 Nbd7 12. Be2 Ne8 13. O-O Nc7 14. Nc4 Ne5 15. Bxe5 Bxe5 16. Re1 Rb8 17. Nb6 Na8 18. Qb3 Nxb6 19. Qxb6 Qd8 20. a5 Qxb6 21. axb6 Bd7 22. Bg4 f5 23. Bd1 Bf6 24. Ba4 Bc8 25. Kf1 Bd8 26. e4 Bxb6 27. e5 Bc7 28. e6 b5 29. Bc2 Bb7 30. Rad1 c4 31. Ne2 Bb6 32. Nf4 Kg7 33. h4 Rbc8 34. g3 b4 35. Ba4 c3 36. bxc3 bxc3 37. e7 Rfe8 38. Bxe8 Rxe8 39. Rb1 1-0

[Event "January 2 Early 2024"]
[Site "https://www.chess.com"]
[Date "2024.01.02"]
[Round "11"]
[White "Agibileg, Uurtsaikh"]
[Black "Korpics, Zsolt"]
[Result "0-1"]
[Board "70"]
[TimeControl "180+1"]
[WhiteFideId "4901606"]
[BlackFideId "705241"]
[WhiteElo "2667"]
[BlackElo "2505"]
[WhiteTeam "MGL"]
[BlackTeam "HUN"]
[WhiteClock "0:01:42"]
[BlackClock "0:00:12"]

1. d4 Nf6 2. c4 e6 3. Nc3 Bb4 4. f3 c5 5. d5 b5 6. e4 O-O 7. Ne2 d6 8. Nf4 e5 9. Ne2 bxc4 10. Ng3 Ba6 11. Be2 Nbd7 12. O-O Re8 13. Nf5 Nf8 14. Bg5 Ng6 15. Nb1 Ba5 16. Na3 Rb8 17. Bxc4 Bc8 18. Bb5 Rf8 19. Qe2 Bxf5 20. exf5 Nf4 21. Bxf4 exf4 22. Bc6 Qb6 23. Nc4 Qa6 24. b3 Bc3 25. Rad1 Bd4+ 26. Kh1 Rbd8 27. a4 Qc8 28. Qd2 Qxf5 29. Qa5 Nh5 30. Rxd4 cxd4 31. Qxa7 Ng3+ 32. hxg3 fxg3 33. Kg1 Qh5 34. Re1 Qh2+ 35. Kf1 Qh1+ 36. Ke2 Qxg2+ 37. Kd3 Qxf3+ 38. Kd2 Qc3+ 39. Kd1 g2 40. Nd2 Qg3 41. Qxd4 h5 42. Qg1 h4 43. Re3 Qg4+ 44. Ke1 h3 45. Kf2 Qh4+ 46. Rg3 h2 47. Qxg2 h1=Q 48. Nf3 Qxg2+ 49. Kxg2 Qb4 50. Ng5 Rc8 51. Rg4 Qxg4+ 0-1

[Event "January 2 Early 2024"]
[Site "https://www.chess.com"]
[Date "2024.01.02"]
[Round "11"]
[White "Aldokhin, Ivan"]
[Black "Novikov, Evgenij"]
[Result "1-0"]
[Board "71"]
[TimeControl "180+1"]
[WhiteFideId "24115720"]
[BlackFideId "4125380"]
[WhiteElo "2651"]
[BlackElo "2503"]
[WhiteTeam "RUS"]
[BlackTeam "RUS"]
[WhiteClock "0:00:29"]
[BlackClock "0:00:00"]

1. e4 d5 2. Nf3 c6 3. Nc3 Nf6 4. e5 Nfd7 5. e6 fxe6 6. d4 e5 7. dxe5 e6 8. Bg5 Be7 9. h4 O-O 10. Bd3 Nc5 11. Bxe7 Nxd3+ 12. Qxd3 Qxe7 13. Ng5 Rf5 14. O-O-O g6 15. g4 Rxg5 16. Qg3 Rxe5 17. Qxe5 Nd7 18. Qe3 e5 19. h5 g5 20. Rhe1 Qf6 21. Nxd5 cxd5 22. Rxd5 Qf4 23. Qxf4 gxf4 24. f3 Kf7 25. Rd6 a5 26. Red1 Ke7 27. Rh6 Nf8 28. Rd5 Ra6 29. Rxa6 bxa6 30. Rxe5+ Ne6 31. c3 Kd6 32. Rxa5 Bb7 33. Kd2 Bxf3 34. Rxa6+ Ke5 35. Ra5+ Kd6 36. Rf5 Bxg4 37. Rf7 Bxh5 38. Rxh7 Bg6 39. Rh6 Be4 40. a4 Kd5 41. Rh5+ Kc4 42. a5 Nc5 43. Rh4 Nb3+ 44. Ke2 Nxa5 45. Rxf4 Kd5 46. Rh4 Nc4 47. b3 Na5 48. Rh5+ Kc6 49. Rxa5 Kb6 50. b4 Bc6 51. Ke3 Bb7 52. Kd4 Bc6 53. c4 Bf3 54. c5+ Kb7 55. b5 Bg2 56. Ra6 Bf3 57. c6+ Kc7 58. Kc5 Kb8 59. b6 Be2 60. Ra3 Bg4 61. Rg3 Bc8 62. Rg8 1-0

[Event "January 2 Early 2024"]
[Site "https://www.chess.com"]
[Date "2024.01.02"]
[Round "11"]
[White "Balla, Tamas-Kristof"]
[Black "Iskusnyh, Sergei"]
[Result "0-1"]
[Board "72"]
[TimeControl "180+1"]
[WhiteFideId "1208497"]
[BlackFideId "4120027"]
[WhiteElo "2501"]
[BlackElo "2649"]
[WhiteTeam "ROU"]
[BlackTeam "RUS"]
[WhiteClock "0:00:00"]
[BlackClock "0:00:31"]

1. e4 e6 2. d4 d5 3. Nd2 c5 4. exd5 exd5 5. Ngf3 Nc6 6. Bb5 cxd4 7. O-O Bd6 8. h3 Ne7 9. Nb3 O-O 10. Nbxd4 Nxd4 11. Nxd4 Bc7 12. Re1 Qd6 13. Nf3 Ng6 14. Bg5 h6 15. Be3 Be6 16. Bd4 Bf5 17. Bd3 Bxd3 18. Qxd3 Rfe8 19. c3 a6 20. Qf5 Nh4 21. Qg4 Nxf3+ 22. gxf3 Qh2+ 23. Kf1 Qh1+ 24. Qg1 Qxh3+ 25. Qg2 Qxg2+ 26. Kxg2 Re6 27. Rxe6 fxe6 28. Re1 Kf7 29. Kh3 Re8 30. Be5 Bxe5 31. Rxe5 Kf6 32. Re2 g5 33. Kg4 Rc8 34. Kg3 Rc4 35. Re3 h5 36. Rd3 b5 37. a3 a5 38. Re3 Kf5 39. Rd3 h4+ 40. Kh3 a4 41. Re3 e5 42. Rd3 d4 43. Kg2 e4 44. fxe4+ Kxe4 0-1